 Dungeon Crawl Stone Soup version 0.18-a0-1390-gc02854d (webtiles) character file.

5287 gorblad the Fighter (level 10, -19/136 HPs)
             Began as a Minotaur Fighter on Feb 22, 2016.
             Was a Follower of Elyvilon.
             Demolished by a titanic slime creature (78 damage)
             ... on level 9 of the Dungeon.
             The game lasted 00:17:57 (8998 turns).

gorblad the Fighter (Minotaur Fighter)              Turns: 8998, Time: 00:17:57

Health: -19/136    AC: 20    Str: 29    XL:     10   Next: 37%
Magic:  9/9        EV: 10    Int:  5    God:    Elyvilon [*.....]
Gold:   206        SH: 12    Dex: 13    Spells: 0 memorised, 9 levels left

rFire  . . .     SeeInvis .     J - +2 war axe (freeze)
rCold  . . .     Gourm    .     q - +5 plate armour
rNeg   + . .     Faith    .     c - +0 shield
rPois  .         Spirit   .     (helmet restricted)
rElec  .         Dismiss  .     H - +0 cloak "Zadutev" {+Inv MR- Dex+3 Slay+2}
rCorr  .         Reflect  .     (no gloves)
SustAt .         Harm     .     (no boots)
MR     .....                    i - amulet of regeneration
Stlth  ..........               I - ring of positive energy
                                n - ring of protection from magic

@: berserking, very quick, not resistant to hostile enchantments, extremely
unstealthy
A: retaliatory headbutt, horns 2
a: Lesser Healing, Divine Protection, Renounce Religion, Evoke Invisibility


You were on level 9 of the Dungeon.
You worshipped Elyvilon.
Elyvilon was aware of your devotion.
You were not hungry.

You visited 1 branch of the dungeon, and saw 9 of its levels.

You collected 583 gold pieces.
You spent 377 gold pieces at shops.

Inventory:

Hand Weapons
 J - a +2 war axe of freezing (weapon)
Armour
 c - a +0 shield (worn)
 q - a +5 plate armour (worn)
 H - the +0 cloak "Zadutev" (worn) {+Inv MR- Dex+3 Slay+2}
   (You bought it in a shop on level 7 of the Dungeon)

   It affects your dexterity (+3).
   It affects your accuracy and damage with ranged weapons and melee attacks
   (+2).
   It affects your resistance to hostile enchantments.
   It lets you turn invisible.
Jewellery
 i - an amulet of regeneration (around neck)
 j - an uncursed ring of flight
 n - a ring of protection from magic (left hand)
 y - an uncursed ring of poison resistance
 z - an uncursed ring of flight
 I - a ring of positive energy (right hand)
Wands
 x - a wand of lightning (7/15)
 B - a wand of lightning (4/15)
Scrolls
 a - a scroll of amnesia
 b - a scroll of identify
 e - 3 scrolls of blinking
 g - 8 scrolls of remove curse
 k - 3 scrolls of recharging
 o - a scroll of teleportation
Potions
 d - 2 potions of might
 l - a potion of lignification
 s - a potion of heal wounds
 t - 2 potions of berserk rage
 u - 4 potions of flight
 w - 2 potions of cure mutation
 A - 7 potions of curing
 D - 4 potions of agility
Books
 m - a book of Unlife

   Spells                             Type                      Level
   a - Recall                         Summoning/Translocation      3
   b - Animate Dead                   Necromancy                   4
   c - Control Undead                 Necromancy                   4
   d - Cigotuvi's Embrace             Necromancy                   5
   e - Death Channel                  Necromancy                   6
   f - Simulacrum                     Ice/Necromancy               6
Miscellaneous
 h - a phantom mirror
Comestibles
 f - 8 bread rations
 p - a meat ration
 r - 12 slices of pizza
 E - 4 fruits
 G - 3 beef jerkies


   Skills:
 + Level 9.0 Fighting
 + Level 9.0 Axes
 + Level 9.0 Armour
 + Level 7.3 Dodging
 + Level 9.0 Shields


You had 9 spell levels left.
You didn't know any spells.

Dungeon Overview and Level Annotations

Branches:
Dungeon (9/15)             Temple (0/1) D:4
   Lair: D:8-11         Orc: D:9-12

Altars:
Cheibriados
Elyvilon
Fedhas
Makhleb
Okawaru
Ru
Trog
Zin

Shops:
D:7 [


Innate Abilities, Weirdness & Mutations

You reflexively headbutt those who attack you in melee.
You have a pair of horns on your head.


Message History

You slice the titanic slime creature!! You freeze the titanic slime creature.
You headbutt the titanic slime creature!
The titanic slime creature is heavily wounded.
You block the titanic slime creature's attack.
You slash the titanic slime creature! You freeze the titanic slime creature.
You headbutt the titanic slime creature!
The titanic slime creature is severely wounded.
The titanic slime creature hits you.
You slice the titanic slime creature!! You freeze the titanic slime creature.
You headbutt the titanic slime creature!
The titanic slime creature is severely wounded.
The titanic slime creature hits you!!
You slash the titanic slime creature! You freeze the titanic slime creature.
The titanic slime creature is severely wounded.
You slash the titanic slime creature! You freeze the titanic slime creature.
You headbutt the titanic slime creature!
The titanic slime creature is almost dead.
The titanic slime creature hits you!!!!
Ouch! That really hurt!
You die...

#..........#.....>#
#....#####.#......#
#....#...#.#......#
#....#...#.#......# ...#
###....#...#.#......#######...#
#......#...#.#...............$#
#......'÷..#.###.#########....#
#......#...#...'†#.......#....#
#......#...#...#@#.......#....#
#......#...#...#J#.......#....##
#.....<#####...#.#'#+#####.....#
#..............#...............#
#..............#...............#
#####.#####....###.............#
#.# #......+.............#. #.#
#......#'########....#. #.#
#...............######.


You could see a titanic slime creature.

Vanquished Creatures
  2 trolls (D:9)
  Grinder (D:3)
  A slime creature (D:9)
  A human (D:7)
  A hippogriff (D:7)
  Edmund (D:5)
  An orc warrior (D:7)
  3 phantoms
  2 sky beasts
  3 ice beasts
  4 ogres
  2 centaurs (D:8)
  2 big kobolds (D:4)
  2 giant frogs (D:8)
  4 scorpions
  6 killer bees (D:9)
  5 wights (D:8)
  2 crimson imps
  A centaur zombie (D:6)
  2 giant frog zombies (D:7)
  5 hounds
  A jelly (D:6)
  Crazy Yiuf (D:5)
  A gnoll shaman (D:8)
  4 orc priests
  A centaur skeleton (D:8)
  2 iguanas
  11 orc wizards
  3 hell rats (D:5)
  Natasha (thrice) (D:3)
  5 worker ants
  4 sheep (D:7)
  A hound skeleton (D:8)
  9 adders
  21 gnolls
  7 river rats (D:5)
  3 shadow imps
  2 oozes
  3 adder skeletons (D:4)
  5 worms
  2 dart slugs
  5 giant geckos
  37 orcs
  5 giant cockroaches
  38 goblins
  34 hobgoblins
  7 jackals
  5 quokkas
  A ball python (D:3)
  7 bats
  6 giant newts
  11 kobolds
  A quokka skeleton (D:7)
  28 rats
325 creatures vanquished.

Vanquished Creatures (others)
  2 fungi (D:5)
2 creatures vanquished.

Grand Total: 327 creatures vanquished

Notes
Turn   | Place    | Note
--------------------------------------------------------------
     0 | D:1      | gorblad the Minotaur Fighter began the quest for the Orb.
     0 | D:1      | Reached XP level 1. HP: 19/19 MP: 0/0
    91 | D:1      | Reached XP level 2. HP: 22/27 MP: 1/1
   356 | D:1      | Reached XP level 3. HP: 31/33 MP: 2/2
   878 | D:2      | Reached skill level 1 in Dodging
  1168 | D:2      | Gained mutation: Armour fits poorly on your strangely shaped body. [potion of mutation]
  1168 | D:2      | Gained mutation: Your muscles are strong. (Str +2) [potion of mutation]
  1168 | D:2      | Gained mutation: You are frail (-10% HP). [potion of mutation]
  1176 | D:2      | Lost mutation: Your muscles are strong. (Str +2) [potion of cure mutation]
  1176 | D:2      | Lost mutation: You are frail (-10% HP). [potion of cure mutation]
  1176 | D:2      | Lost mutation: Armour fits poorly on your strangely shaped body. [potion of cure mutation]
  1342 | D:3      | Noticed Natasha
  1349 | D:3      | Killed Natasha
  1349 | D:3      | Reached XP level 4. HP: 27/40 MP: 3/3
  1394 | D:3      | Found a burning altar of Makhleb.
  1400 | D:3      | Noticed Grinder
  1423 | D:3      | Killed Grinder
  1423 | D:3      | Reached XP level 5. HP: 36/47 MP: 4/4
  1423 | D:3      | Reached XP level 6. HP: 42/55 MP: 5/5
  1437 | D:3      | Noticed Natasha
  1441 | D:3      | Killed Natasha
  1602 | D:3      | Reached skill level 5 in Fighting
  1880 | D:3      | Reached skill level 5 in Armour
  1948 | D:3      | Noticed Natasha
  1957 | D:3      | Killed Natasha
  1957 | D:3      | Reached skill level 5 in Shields
  4223 | D:4      | Reached skill level 5 in Axes
  4303 | D:4      | Reached XP level 7. HP: 55/61 MP: 6/6
  4700 | D:4      | Found a staircase to the Ecumenical Temple.
  5037 | D:4      | Found an iron altar of Okawaru.
  5164 | D:5      | Entered Level 5 of the Dungeon
  5502 | D:5      | Reached XP level 8. HP: 61/70 MP: 7/7
  5703 | D:5      | Noticed Edmund
  5732 | D:5      | Killed Edmund
  6216 | D:5      | Noticed Crazy Yiuf
  6228 | D:5      | Killed Crazy Yiuf
  6295 | D:6      | Reached skill level 5 in Dodging
  6388 | D:6      | Found a sacrificial altar of Ru.
  6427 | D:6      | Found a glowing silver altar of Zin.
  6773 | D:7      | Reached XP level 9. HP: 79/79 MP: 8/8
  7087 | D:7      | Found Amamele's Armour Shop.
  7091 | D:7      | Bought the +0 cloak "Zadutev" {+Inv MR- Dex+3 Slay+2} for 377 gold pieces
  7337 | D:7      | Found a bloodstained altar of Trog.
  7337 | D:7      | Found a blossoming altar of Fedhas.
  7338 | D:7      | Found a white marble altar of Elyvilon.
  7621 | D:7      | Became a worshipper of Elyvilon the Healer
  8260 | D:8      | Reached XP level 10. HP: 90/90 MP: 9/9
  8652 | D:9      | Reached * piety under Elyvilon
  8654 | D:9      | Found a snail-covered altar of Cheibriados.
  8998 | D:9      | Demolished by a titanic slime creature

Vault maps used:
D:1:      scummos_arrival_simple_crosswalls
D:3:      bloody_makhleb, uniq_natasha, uniq_grinder
D:4:      minmay_goblin_kobold_castle, kennysheep_little_box, temple_statues,
          first_bread
D:5:      lemuel_ratsnest, uniq_edmund, uniq_crazy_yiuf_cottage
D:6:      nicolae_overflow_crystal_walls, lemuel_round_altar, st_stairs_2,
          hex_intersection
D:7:      gammafunk_temple_overflow_claw, serial_shops, shop, grunt_livestock
D:9:      cheibrodos_stairvault_heist, cheibrodos_worm_habitat,
          lemuel_round_altar, lemuel_coloured_pillars_altar,
          kennysheep_generic_room_4

Skill      XL: |  1  2  3  4  5  6  7  8  9 10 |
---------------+-------------------------------+-----
Axes           | 3 4 5 7 8 9 |  9.0
Fighting       | 4 5 6 7 8 9 |  9.0
Armour         | 4 5 6 7 8 9 |  9.0
Dodging        | 1 2 3 4 5 6 7 |  7.3
Shields        | 4 5 6 7 8 9 |  9.0

Action                   |  1- 3 |  4- 6 |  7- 9 | 10-12 || total
-------------------------+-------+-------+-------+-------++-------
Melee: War axe           |    70 |   175 |   526 |    72 ||   843
  Use: Potion            |     6 |     1 |       |     6 ||    13
       Scroll            |     4 |       |    14 |     3 ||    21
  Eat: Bread ration      |     1 |       |       |       ||     1
       Chunk             |       |     1 |    14 |     2 ||    17
       Meat ration       |       |     1 |       |       ||     1
       Pizza             |       |     1 |       |       ||     1
